 Dungeon Sprint DCSS version 0.22-a0-351-g29664b41f0 (webtiles) character file.

1030 Pa55enger the Spear-Bearer (level 8, -3/71 HPs)
             Began as a Gnoll Berserker on Apr 13, 2018.
             Was an Elder of Trog.
             Slain by a jumping spider (5 damage)
             ... summoned by a deep elf mage
             ... in the Dungeon (Sprint IX: "|||||||||||||||||||||||||||||").
             The game lasted 00:01:15 (284 turns).

Pa55enger the Spear-Bearer (Gnoll Berserker)         Turns: 284, Time: 00:01:16

Health: -3/71      AC: 10    Str: 19    XL:     8   Next: 23%
Magic:  17/17      EV: 17    Int: 10    God:    Trog [****..]
Gold:   0          SH:  0    Dex: 20    Spells: 19/19 levels left

rFire    . . .     SeeInvis .   m - +2 halberd (protect)
rCold    . . .     Gourm    .   (shield currently unavailable)
rNeg     . . .     Faith    .   p - +1 scale mail
rPois    .         Spirit   .   (no helmet)
rElec    .         Reflect  .   o - +0 cloak
rCorr    .         Harm     .   (no gloves)
MR       .....     NoTele   +   (no boots)
Stlth    ++........             (no amulet)
HPRegen  0.21/turn              r - +2 ring of evasion
MPRegen  0.15/turn              q - +3 ring of dexterity

@: berserk cooldown, very slightly contaminated, slowed, very slow
A: distributed training, fangs 1, strong nose
a: Berserk, Trog's Hand, Brothers in Arms, Renounce Religion


You were in the Dungeon.
You worshipped Trog.
Trog was greatly pleased with you.
You were very hungry.

You visited 1 branch

Inventory:

Hand Weapons
 m - a +2 halberd of protection (weapon)
 n - a +2 scimitar of flaming
Missiles
 b - 15 bolts
Armour
 o - a +0 cloak (worn)
 p - a +1 scale mail (worn)
Jewellery
 q - a +3 ring of dexterity (right hand)
 r - a +2 ring of evasion (left hand)
Wands
 l - a wand of acid (10)
Scrolls
 i - a scroll of blinking
 k - 3 scrolls of remove curse
Potions
 d - 4 potions of curing
 e - 3 potions of heal wounds
 f - a potion of haste
 g - 4 potions of magic
 h - a potion of berserk rage
 j - a potion of invisibility
Comestibles
 a - 12 chunks of flesh
 c - a ration


   Skills:
 + Level 9.1 Fighting
 + Level 6.2 Short Blades
 + Level 6.2 Long Blades
 + Level 6.2 Axes
 + Level 6.2 Maces & Flails
 + Level 9.1 Polearms
 + Level 6.2 Staves
 + Level 6.2 Slings
 + Level 6.2 Bows
 + Level 6.2 Crossbows
 + Level 6.2 Throwing
 + Level 7.8 Armour
 + Level 7.8 Dodging
 + Level 6.2 Stealth
 + Level 6.2 Shields
 + Level 6.2 Unarmed Combat
 + Level 6.2 Spellcasting
 + Level 5.1 Conjurations
 + Level 5.1 Hexes
 + Level 5.1 Charms
 + Level 5.1 Summonings
 + Level 5.1 Necromancy
 + Level 5.1 Translocations
 + Level 5.1 Transmutations
 + Level 5.1 Fire Magic
 + Level 5.1 Ice Magic
 + Level 5.1 Air Magic
 + Level 5.1 Earth Magic
 + Level 5.1 Poison Magic
 + Level 6.8 Invocations
 + Level 6.2 Evocations


You had 19 spell levels left.
You didn't know any spells.

Dungeon Overview and Level Annotations

Branches:
Dungeon (1/1)

Altars:
Cheibriados
Dithmenos
Elyvilon
Fedhas
Gozag
Hepliaklqana
Kikubaaqudgha
Makhleb
Nemelex Xobeh
Okawaru
Qazlal
Ru
Sif Muna
Trog
Uskayaw
Vehumet
Wu Jian
Xom
Yredelemnul
Zin
The Shining One
Beogh
Jiyva
Lugonu


Innate Abilities, Weirdness & Mutations

Your experience applies equally to all skills.
You have very sharp teeth.
Your uncanny sense of smell can sniff out nearby items.


Message History

You feel very sick.
Send 'em back where they came from!
Trog shields your ally from puny magic!
Your ogre hits the deep elf mage with a giant club!
Unknown command.
You feel better.
Your ogre closely misses the deep elf mage.
The jumping spider leaps!
The deep elf mage hits your ogre with a long sword!
The jumping spider completely misses you.
The jumping spider barely misses you.
Unknown command.
Unknown command.
Your ogre misses the deep elf mage. The jumping spider misses you. x2
The deep elf mage hits your ogre with a long sword!
Your ogre hits the deep elf mage with a giant club!!
The jumping spider pounces on you!
* * * LOW HITPOINT WARNING * * *
The jumping spider bites you.
You die...

▓+▓
▓.▓
▓.▓
▓.▓
▓.▓
▓.▓
∆
▓s▓
∆
▓@▓
∆
▓)▓
∆
▓O▓
▓e▓
∆
▓4▓
▓r▓
∆
▓.▓
∆
▓[▓
∆
▓§▓
∆


You could see an orange demon, a deep elf mage, a jumping spider, a hell rat and
a friendly ogre (berserk).

Vanquished Creatures
  A troll (D)
  A hornet (D)
  A yak (D)
  A water moccasin (shapeshifter) (D)
  An orc warrior (D)
  An ogre (D)
  A wight (D)
  2 adders (D)
  An adder skeleton (D)
  2 leopard geckos (D)
  A hobgoblin (D)
  A kobold (D)
  A bat (D)
  4 frilled lizards (D)
19 creatures vanquished.

Vanquished Creatures (collateral kills)
  A vampire mosquito (D)
1 creature vanquished.

Vanquished Creatures (others)
  An ogre (D)
1 creature vanquished.

Grand Total: 21 creatures vanquished

Notes
Turn   | Place    | Note
-------+----------+-------------------------------------------
     0 | D        | Pa55enger the Gnoll Berserker began the quest for the Orb.
     0 | D        | Reached XP level 1. HP: 23/23 MP: 1/1
    10 | D        | Reached ** piety under Trog
    15 | D        | Reached skill level 1 in Invocations
    72 | D        | Reached *** piety under Trog
    72 | D        | Reached skill level 1 in Short Blades
    72 | D        | Reached skill level 1 in Long Blades
    72 | D        | Reached skill level 1 in Axes
    72 | D        | Reached skill level 1 in Maces & Flails
    72 | D        | Reached skill level 1 in Staves
    72 | D        | Reached skill level 1 in Slings
    72 | D        | Reached skill level 1 in Bows
    72 | D        | Reached skill level 1 in Crossbows
    72 | D        | Reached skill level 1 in Throwing
    72 | D        | Reached skill level 1 in Stealth
    72 | D        | Reached skill level 1 in Shields
    72 | D        | Reached skill level 1 in Unarmed Combat
    72 | D        | Reached skill level 1 in Spellcasting
    72 | D        | Reached skill level 1 in Conjurations
    72 | D        | Reached skill level 1 in Hexes
    72 | D        | Reached skill level 1 in Charms
    72 | D        | Reached skill level 1 in Summonings
    72 | D        | Reached skill level 1 in Necromancy
    72 | D        | Reached skill level 1 in Translocations
    72 | D        | Reached skill level 1 in Transmutations
    72 | D        | Reached skill level 1 in Fire Magic
    72 | D        | Reached skill level 1 in Ice Magic
    72 | D        | Reached skill level 1 in Air Magic
    72 | D        | Reached skill level 1 in Earth Magic
    72 | D        | Reached skill level 1 in Poison Magic
    72 | D        | Reached skill level 1 in Evocations
    72 | D        | Reached XP level 2. HP: 29/29 MP: 4/4
   125 | D        | Found a roughly hewn altar of Beogh.
   125 | D        | Found a snail-covered altar of Cheibriados.
   125 | D        | Found a shadowy altar of Dithmenos.
   125 | D        | Found a white marble altar of Elyvilon.
   125 | D        | Found a blossoming altar of Fedhas.
   125 | D        | Found an opulent altar of Gozag.
   126 | D        | Found a hazy altar of Hepliaklqana.
   127 | D        | Found a viscous altar of Jiyva.
   128 | D        | Found an ancient bone altar of Kikubaaqudgha.
   129 | D        | Found a corrupted altar of Lugonu.
   130 | D        | Found a burning altar of Makhleb.
   131 | D        | Found a sparkling altar of Nemelex Xobeh.
   132 | D        | Found an iron altar of Okawaru.
   133 | D        | Found a stormy altar of Qazlal.
   134 | D        | Found a sacrificial altar of Ru.
   135 | D        | Found a deep blue altar of Sif Muna.
   136 | D        | Found a bloodstained altar of Trog.
   137 | D        | Found a hide-covered altar of Uskayaw.
   138 | D        | Found a radiant altar of Vehumet.
   139 | D        | Found an ornate altar of the Wu Jian Council.
   140 | D        | Found a shimmering altar of Xom.
   141 | D        | Found a basalt altar of Yredelemnul.
   142 | D        | Found a glowing silver altar of Zin.
   143 | D        | Found a glowing golden altar of the Shining One.
   190 | D        | Noticed a troll
   190 | D        | Noticed an ogre
   190 | D        | Noticed a yak
   190 | D        | Noticed an orc warrior
   194 | D        | Reached **** piety under Trog
   194 | D        | Reached XP level 3. HP: 35/35 MP: 5/5
   201 | D        | Killed an orc warrior
   201 | D        | Reached skill level 5 in Armour
   201 | D        | Reached skill level 5 in Dodging
   201 | D        | Reached XP level 4. HP: 43/43 MP: 5/8
   201 | D        | Reached XP level 5. HP: 48/48 MP: 5/9
   204 | D        | Killed a yak
   204 | D        | Reached XP level 6. HP: 56/56 MP: 5/12
   206 | D        | Reached ***** piety under Trog
   206 | D        | Received a gift from Trog
   206 | D        | Reached skill level 5 in Invocations
   209 | D        | Killed a troll
   209 | D        | Reached skill level 5 in Short Blades
   209 | D        | Reached skill level 5 in Long Blades
   209 | D        | Reached skill level 5 in Axes
   209 | D        | Reached skill level 5 in Maces & Flails
   209 | D        | Reached skill level 5 in Staves
   209 | D        | Reached skill level 5 in Slings
   209 | D        | Reached skill level 5 in Bows
   209 | D        | Reached skill level 5 in Crossbows
   209 | D        | Reached skill level 5 in Throwing
   209 | D        | Reached skill level 5 in Stealth
   209 | D        | Reached skill level 5 in Shields
   209 | D        | Reached skill level 5 in Unarmed Combat
   209 | D        | Reached skill level 5 in Spellcasting
   209 | D        | Reached skill level 5 in Evocations
   209 | D        | Reached XP level 7. HP: 63/63 MP: 5/14
   249 | D        | Noticed a vampire mosquito
   249 | D        | Noticed a hornet
   249 | D        | Noticed a deep elf mage
   249 | D        | Noticed a golden eye
   250 | D        | Noticed a hog
   250 | D        | a golden eye changed into a hog
   255 | D        | Noticed an ice devil
   255 | D        | a hog changed into a water moccasin
   262 | D        | Noticed a sixfirhy
   268 | D        | Noticed a jumping spider
   270 | D        | Killed a hornet
   270 | D        | Reached skill level 5 in Conjurations
   270 | D        | Reached skill level 5 in Hexes
   270 | D        | Reached skill level 5 in Charms
   270 | D        | Reached skill level 5 in Summonings
   270 | D        | Reached skill level 5 in Necromancy
   270 | D        | Reached skill level 5 in Translocations
   270 | D        | Reached skill level 5 in Transmutations
   270 | D        | Reached skill level 5 in Fire Magic
   270 | D        | Reached skill level 5 in Ice Magic
   270 | D        | Reached skill level 5 in Air Magic
   270 | D        | Reached skill level 5 in Earth Magic
   270 | D        | Reached skill level 5 in Poison Magic
   270 | D        | Reached XP level 8. HP: 71/71 MP: 15/17
   276 | D        | Noticed an orange demon
   284 | D        | HP: 2/71 [jumping spider[a deep elf mage] (15)]
   284 | D        | Slain by a jumping spider

Vault maps used:
D:        linesprint

Skill      XL: |  1  2  3  4  5  6  7 |
---------------+----------------------+-----
Invocations    | 1 3 4 5 6 |  6.8
Short Blades   | 1 3 4 5 6 |  6.2
Long Blades    | 1 3 4 5 6 |  6.2
Axes           | 1 3 4 5 6 |  6.2
Maces & Flails | 1 3 4 5 6 |  6.2
Staves         | 1 3 4 5 6 |  6.2
Slings         | 1 3 4 5 6 |  6.2
Bows           | 1 3 4 5 6 |  6.2
Crossbows      | 1 3 4 5 6 |  6.2
Throwing       | 1 3 4 5 6 |  6.2
Stealth        | 1 3 4 5 6 |  6.2
Shields        | 1 3 4 5 6 |  6.2
Unarmed Combat | 1 3 4 5 6 |  6.2
Spellcasting   | 1 3 4 5 6 |  6.2
Conjurations   | 1 2 3 4 5 |  5.1
Hexes          | 1 2 3 4 5 |  5.1
Charms         | 1 2 3 4 5 |  5.1
Summonings     | 1 2 3 4 5 |  5.1
Necromancy     | 1 2 3 4 5 |  5.1
Translocations | 1 2 3 4 5 |  5.1
Transmutations | 1 2 3 4 5 |  5.1
Fire Magic     | 1 2 3 4 5 |  5.1
Ice Magic      | 1 2 3 4 5 |  5.1
Air Magic      | 1 2 3 4 5 |  5.1
Earth Magic    | 1 2 3 4 5 |  5.1
Poison Magic   | 1 2 3 4 5 |  5.1
Evocations     | 1 3 4 5 6 |  6.2
Fighting       | 7 8 9 |  9.1
Polearms       | 7 8 9 |  9.1
Armour         | 5 6 7 |  7.8
Dodging        | 5 6 7 |  7.8

Action                   |  1- 3 |  4- 6 |  7- 9 || total
-------------------------+-------+-------+-------++-------
Melee: Spear             |    22 |       |       ||    22
       Bite              |     3 |       |     5 ||     8
       Halberd           |    10 |     8 |    27 ||    45
Invok: Berserk           |     2 |       |     1 ||     3
       Brothers in Arms  |       |       |     2 ||     2
  Use: Scroll            |       |       |     1 ||     1
       Potion            |       |       |     1 ||     1
Armor: Scale mail        |       |     1 |    18 ||    19
Dodge: Dodged            |     9 |     3 |    56 ||    68

Table legend:
 A = Spawn XP
 B = Non-spawn XP
 C = Spawn XP percentage of total XP
 D = Spawn monster count
 E = Non-spawn monster count
 F = Spawn count percentage of total count
 G = Total turns spent on level
                    A         B        C        D         E        F      G
               +---------+---------+-------+---------+---------+-------+---------
         Total |       0 |    1472 |   0.0 |       0 |      21 |   0.0 |   284
               +---------+---------+-------+---------+---------+-------+---------
             D |       0 |    1472 |   0.0 |       0 |      21 |   0.0 |   284
               +---------+---------+-------+---------+---------+-------+---------
